General information
- name: BNet
- type: Ladder team game (AT/RT)
- host: Battle.net
- saver: 18Burrow
map: Battleground
- players: 8
- length: 22:22
- speed: Fast
- version: 1.26 W3XP
- replay type: Public
» download(131 KB)
Players
team 1 (loser)

»
TakeLong2RESMRF (
red | 62 APM | 1389 actions | 22:20)
3 Demon Hunter
2 Mana Burn
1 Evasion
2 Naga Sea Witch
1 Frost Arrows
1 Forked Lightning
2 Priestess of the Moon
1 Trueshot Aura
1 Searing Arrows
» actions
| Assign group hotkey | 35 | |
| Basic commands | 68 | |
| Build / train | 66 | |
| ESC pressed | 2 | |
| Enter build submenu | 19 | |
| Enter hero's abilities submenu | 8 | |
| Right click | 473 | |
| Select / deselect | 390 | |
| Select group hotkey | 218 | |
| Use ability | 110 | |
1389 total
» units
| Wisp | 12 | |
| Archer | 7 | |
| Huntress | 1 | |
| Druid of the Talon | 9 | |
| Hippogryph | 1 | |
30 total
» upgrades
| Ultravision | 1 | |
| Druid of the Talon Training | 2 | |
| Well Spring | 1 | |
| Mark of the Talon | 1 | |
| Nature's Blessing | 1 | |
| Reinforced Hides | 3 | |
| Strength of the Wild | 2 | |
11 total
» buildings
| Altar of Elders | 1 | |
| Ancient of War | 1 | |
| Moon Well | 5 | |
| Ancient of Wonders | 1 | |
| Hunter's Hall | 1 | |
| Tree of Ages | 1 | |
| Ancient of Lore | 2 | |
| Ancient of Wind | 2 | |
| Tree of Eternity | 1 | |
15 total
» build order
00:08 Altar of Elders
00:12 Ancient of War
00:24 Moon Well
01:47 Moon Well
02:16 Ancient of Wonders
03:39 Moon Well
04:03 Hunter's Hall
04:30 Tree of Ages
07:00 Ancient of Lore
07:03 Ancient of Lore
07:37 Ancient of Wind
07:40 Ancient of Wind
08:00 Tree of Eternity
08:31 Moon Well
08:33 Moon Well
» items
| Dust of Appearance | 2 | |
| Potion of Healing | 5 | |
| Staff of Preservation | 2 | |
| Scroll of Town Portal | 2 | |
| Orb of Venom | 1 | |
12 total

»
Sawgman21 (
orange | 23 APM | 514 actions | 22:04)
3 Lich
2 Frost Nova
1 Frost Armor
1 Blademaster
1 Wind Walk
» actions
| Assign group hotkey | 5 | |
| Basic commands | 9 | |
| Build / train | 70 | |
| Enter build submenu | 13 | |
| Enter hero's abilities submenu | 4 | |
| Remove unit from queue | 18 | |
| Right click | 204 | |
| Select / deselect | 162 | |
| Select group hotkey | 5 | |
| Use ability | 24 | |
514 total
» units
| Acolyte | 3 | |
| Ghoul | 10 | |
| Crypt Fiend | 5 | |
| Gargoyle | 3 | |
| Frost Wyrm | 12 | |
33 total
» upgrades
| Unholy Strength | 1 | |
| Unholy Armor | 1 | |
| Cannibalize | 0 | |
| Web | 1 | |
| Stone Form | 1 | |
| Ghoul Frenzy | 1 | |
| Creature Attack | 1 | |
| Creature Carapace | 1 | |
| Freezing Breath | 1 | |
8 total
» buildings
| Altar of Darkness | 1 | |
| Ziggurat | 7 | |
| Crypt | 1 | |
| Graveyard | 1 | |
| Spirit Tower | 4 | |
| Halls of the Dead | 1 | |
| Sacrificial Pit | 1 | |
| Black Citadel | 1 | |
| Boneyard | 2 | |
19 total
» build order
00:09 Altar of Darkness
00:12 Ziggurat
00:22 Crypt
01:55 Graveyard
02:48 Ziggurat
03:46 Spirit Tower
03:47 Spirit Tower
07:00 Ziggurat
07:57 Halls of the Dead
11:26 Ziggurat
11:48 Sacrificial Pit
11:50 Black Citadel
11:58 Spirit Tower
14:15 Boneyard
14:29 Boneyard
14:31 Spirit Tower
17:26 Ziggurat
17:36 Ziggurat
18:39 Ziggurat
WhistlePig (
green | 26 APM | 580 actions | 22:17)
2 Death Knight
1 Death Coil
1 Unholy Aura
» actions
| Basic commands | 11 | |
| Build / train | 61 | |
| Enter build submenu | 27 | |
| Enter hero's abilities submenu | 2 | |
| Right click | 214 | |
| Select / deselect | 221 | |
| Use ability | 44 | |
580 total
» units
| Acolyte | 13 | |
| Ghoul | 9 | |
| Frost Wyrm | 5 | |
| Gargoyle | 1 | |
| Troll Headhunter/Berserker | 8 | |
36 total
» upgrades
| Creature Attack | 3 | |
| Creature Carapace | 3 | |
| Freezing Breath | 1 | |
7 total
» buildings
| Crypt | 1 | |
| Ziggurat | 11 | |
| Altar of Darkness | 2 | |
| Graveyard | 1 | |
| Spirit Tower | 12 | |
| Halls of the Dead | 1 | |
| Tomb of Relics | 1 | |
| Black Citadel | 1 | |
| Sacrificial Pit | 1 | |
| Boneyard | 2 | |
| Necropolis | 1 | |
34 total
» build order
00:17 Crypt
00:28 Ziggurat
00:40 Altar of Darkness
00:57 Ziggurat
01:22 Graveyard
01:55 Ziggurat
02:32 Ziggurat
03:21 Spirit Tower
03:32 Spirit Tower
04:20 Spirit Tower
05:31 Halls of the Dead
06:12 Ziggurat
06:27 Spirit Tower
07:20 Tomb of Relics
07:25 Spirit Tower
08:07 Ziggurat
08:19 Black Citadel
08:25 Ziggurat
09:29 Spirit Tower
09:31 Spirit Tower
09:46 Sacrificial Pit
10:01 Ziggurat
10:13 Ziggurat
10:17 Ziggurat
10:47 Boneyard
10:55 Boneyard
11:08 Spirit Tower
13:31 Ziggurat
17:11 Spirit Tower
17:21 Spirit Tower
19:03 Spirit Tower
20:38 Altar of Darkness
20:58 Necropolis
22:06 Spirit Tower
KOLOSS_DRON (
blue | 51 APM | 918 actions | 17:56)
4 Blademaster
2 Wind Walk
2 Critical Strike
1 Tauren Chieftain
1 War Stomp
1 Shadow Hunter
1 Healing Wave
» actions
| Basic commands | 63 | |
| Build / train | 54 | |
| Enter build submenu | 11 | |
| Enter hero's abilities submenu | 6 | |
| Give item / drop item | 2 | |
| Right click | 441 | |
| Select / deselect | 300 | |
| Use ability | 41 | |
918 total
» units
| Peon | 5 | |
| Grunt | 17 | |
| Troll Headhunter/Berserker | 4 | |
26 total
» upgrades
| Armor | 3 | |
| Melee Weapons | 3 | |
| Berserker Strength | 1 | |
| Pillage | 1 | |
| Ranged Weapons | 1 | |
| Berserker Upgrade | 1 | |
10 total
» buildings
| Barracks | 2 | |
| Orc Burrow | 5 | |
| Altar of Storms | 1 | |
| Voodoo Lounge | 2 | |
| War Mill | 1 | |
| Stronghold | 1 | |
| Fortress | 1 | |
13 total
» build order
00:13 Barracks
00:21 Orc Burrow
00:46 Altar of Storms
01:46 Orc Burrow
02:07 Orc Burrow
02:28 Voodoo Lounge
03:25 War Mill
04:18 Stronghold
06:10 Orc Burrow
08:35 Fortress
11:10 Voodoo Lounge
11:30 Orc Burrow
15:17 Barracks
» items
| Healing Salve | 3 | |
| Orb of Lightning | 2 | |
| Lesser Clarity Potion | 1 | |
| Scroll of Town Portal | 1 | |
7 total
team 2 (winner)

»
18Burrow (
pink | 61 APM | 1368 actions | 22:22)
6 Keeper of the Grove
3 Entangling Roots
2 Thorns Aura
1 Tranquility
» actions
| Assign group hotkey | 103 | |
| Basic commands | 60 | |
| Build / train | 75 | |
| ESC pressed | 1 | |
| Enter build submenu | 18 | |
| Enter hero's abilities submenu | 6 | |
| Right click | 658 | |
| Select / deselect | 135 | |
| Select group hotkey | 221 | |
| Use ability | 91 | |
1368 total
» units
| Wisp | 17 | |
| Archer | 3 | |
| Huntress | 4 | |
| Chimaera | 10 | |
34 total
» upgrades
| Ultravision | 1 | |
| Strength of the Moon | 1 | |
| Moon Armor | 1 | |
| Sentinel | 1 | |
| Nature's Blessing | 1 | |
| Strength of the Wild | 1 | |
| Corrosive Breath | 1 | |
| Reinforced Hides | 1 | |
| Well Spring | 1 | |
9 total
» buildings
| Moon Well | 7 | |
| Altar of Elders | 1 | |
| Ancient of War | 1 | |
| Ancient of Wonders | 1 | |
| Hunter's Hall | 1 | |
| Tree of Ages | 1 | |
| Ancient Protector | 1 | |
| Ancient of Wind | 1 | |
| Tree of Eternity | 1 | |
| Chimaera Roost | 4 | |
| Tree of Life | 1 | |
20 total
» build order
00:42 Moon Well
00:50 Altar of Elders
01:26 Ancient of War
01:38 Moon Well
02:07 Moon Well
02:21 Ancient of Wonders
02:47 Moon Well
03:29 Hunter's Hall
04:49 Tree of Ages
05:25 Ancient Protector
07:53 Ancient of Wind
08:33 Tree of Eternity
11:30 Chimaera Roost
11:32 Chimaera Roost
11:35 Chimaera Roost
11:37 Chimaera Roost
13:42 Tree of Life
17:11 Moon Well
17:12 Moon Well
17:12 Moon Well
» items
| Moonstone | 3 | |
| Lesser Clarity Potion | 4 | |
| Dust of Appearance | 2 | |
| Healing Salve | 1 | |
| Scroll of Town Portal | 2 | |
| Potion of Mana | 2 | |
| Scroll of Speed | 1 | |
| Staff of Preservation | 1 | |
| Potion of Healing | 2 | |
| Staff of Teleportation | 1 | |
| Boots of Speed | 1 | |
| Scroll of Healing | 1 | |
| Orb of Venom | 1 | |
22 total
yun5895 (
teal | 41 APM | 915 actions | 22:21)
6 Demon Hunter
2 Immolation
3 Evasion
1 Metamorphosis
» actions
| Assign group hotkey | 19 | |
| Build / train | 56 | |
| Enter build submenu | 19 | |
| Enter hero's abilities submenu | 6 | |
| Remove unit from queue | 1 | |
| Right click | 286 | |
| Select / deselect | 147 | |
| Select group hotkey | 345 | |
| Use ability | 36 | |
915 total
» units
| Wisp | 19 | |
| Huntress | 3 | |
| Archer | 2 | |
| Hippogryph | 9 | |
| Chimaera | 4 | |
37 total
» upgrades
| Strength of the Wild | 2 | |
| Reinforced Hides | 2 | |
| Corrosive Breath | 1 | |
5 total
» buildings
| Moon Well | 6 | |
| Altar of Elders | 1 | |
| Hunter's Hall | 1 | |
| Ancient of War | 1 | |
| Tree of Ages | 1 | |
| Ancient Protector | 2 | |
| Tree of Eternity | 1 | |
| Ancient of Wind | 1 | |
| Chimaera Roost | 2 | |
| Tree of Life | 2 | |
| Ancient of Wonders | 1 | |
19 total
» build order
00:30 Moon Well
00:42 Altar of Elders
00:59 Moon Well
01:55 Hunter's Hall
02:15 Ancient of War
02:26 Moon Well
03:17 Tree of Ages
03:40 Moon Well
04:25 Ancient Protector
06:21 Tree of Eternity
06:27 Ancient of Wind
08:47 Chimaera Roost
09:46 Chimaera Roost
11:41 Ancient Protector
15:27 Tree of Life
19:52 Tree of Life
19:57 Moon Well
20:01 Moon Well
20:05 Ancient of Wonders
» items
| Orb of Venom | 1 | |
| Potion of Healing | 1 | |
| Scroll of Town Portal | 1 | |
3 total

»
BalthzarBlaze (
purple | 59 APM | 1321 actions | 22:21)
8 Blademaster
3 Wind Walk
3 Critical Strike
1 Bladestorm
1 Mirror Image
» actions
| Assign group hotkey | 231 | |
| Build / train | 53 | |
| Enter build submenu | 15 | |
| Enter hero's abilities submenu | 9 | |
| Give item / drop item | 1 | |
| Remove unit from queue | 3 | |
| Right click | 513 | |
| Select / deselect | 266 | |
| Select group hotkey | 189 | |
| Use ability | 41 | |
1321 total
» units
» upgrades
| Armor | 3 | |
| Ranged Weapons | 3 | |
| Envenomed Spears | 1 | |
7 total
» buildings
| Orc Burrow | 8 | |
| Altar of Storms | 1 | |
| Barracks | 1 | |
| War Mill | 1 | |
| Voodoo Lounge | 1 | |
| Stronghold | 1 | |
| Fortress | 1 | |
| Beastiary | 2 | |
| Watch Tower | 1 | |
17 total
» build order
00:06 Orc Burrow
00:10 Altar of Storms
01:05 Barracks
01:42 Orc Burrow
01:59 War Mill
02:43 Voodoo Lounge
03:50 Stronghold
03:53 Orc Burrow
05:01 Orc Burrow
06:33 Fortress
06:37 Beastiary
06:47 Beastiary
08:01 Orc Burrow
09:11 Orc Burrow
10:10 Orc Burrow
11:28 Watch Tower
16:14 Orc Burrow
» items
| Healing Salve | 2 | |
| Lesser Clarity Potion | 2 | |
| Scroll of Speed | 1 | |
| Scroll of Town Portal | 1 | |
| Orb of Lightning | 1 | |
7 total
Dethstalker (
yellow | 24 APM | 537 actions | 22:21)
4 Blademaster
2 Critical Strike
2 Wind Walk
» actions
| Assign group hotkey | 8 | |
| Basic commands | 50 | |
| Build / train | 31 | |
| Enter build submenu | 22 | |
| Enter hero's abilities submenu | 4 | |
| Give item / drop item | 4 | |
| Right click | 88 | |
| Select / deselect | 129 | |
| Select group hotkey | 152 | |
| Use ability | 49 | |
537 total
» units
| Peon | 8 | |
| Troll Headhunter/Berserker | 6 | |
14 total
» upgrades
| Spiked Barricades | 1 | |
| Reinforced Defenses | 1 | |
2 total
» buildings
| Orc Burrow | 3 | |
| Altar of Storms | 1 | |
| Barracks | 1 | |
| War Mill | 1 | |
| Voodoo Lounge | 1 | |
| Stronghold | 1 | |
| Fortress | 1 | |
| Watch Tower | 14 | |
23 total
» build order
00:27 Orc Burrow
00:40 Altar of Storms
00:54 Barracks
01:25 War Mill
01:48 Orc Burrow
02:16 Voodoo Lounge
03:23 Stronghold
04:56 Orc Burrow
06:01 Fortress
06:24 Watch Tower
06:31 Watch Tower
07:29 Watch Tower
07:32 Watch Tower
07:35 Watch Tower
07:41 Watch Tower
08:46 Watch Tower
08:50 Watch Tower
09:10 Watch Tower
12:09 Watch Tower
13:23 Watch Tower
14:28 Watch Tower
15:38 Watch Tower
16:46 Watch Tower
» items
| Healing Salve | 2 | |
| Potion of Healing | 1 | |
| Orb of Lightning | 1 | |
| Staff of Teleportation | 1 | |
| Boots of Speed | 1 | |
| Periapt of Vitality | 2 | |
8 total
Chat log
(00:03 / All) TakeLong2RESMRF: Same map
(00:07 / All) 18Burrow: yeah hate this one
(00:12 / Allies) BalthzarBlaze: same
(00:16 / All) TakeLong2RESMRF: It's better than golems I think
(00:59 / All) KOLOSS_DRON: WOOD ME AND GOLD OR I FUCKIN BS
(01:30 / All) 18Burrow: lol wut
(01:46 / All) 18Burrow: I GOT SOME WOOD FOR U RITE HERE LAWL
(01:57 / All) TakeLong2RESMRF: I told him I wouldn't pool him so early because of how bad his stats were
(02:02 / All) TakeLong2RESMRF: then he called me "noob level 1"
(02:03 / All) 18Burrow: lol
(05:28 / Allies) Dethstalker: some help
(05:36 / Allies) 18Burrow: walking
(05:41 / Allies) Dethstalker: gg
(05:45 / Allies) BalthzarBlaze: comin
(05:49 / Allies) 18Burrow: tping
(05:50 / Allies) Dethstalker: nah
(05:51 / Allies) Dethstalker: fukit
(06:12 / Allies) Dethstalker: i watch now
(06:18 / Allies) Dethstalker: just keep walkin pro
(06:48 / Allies) Dethstalker: get out
(06:53 / All) Dethstalker: gg
(06:57 / All) TakeLong2RESMRF: ?
(07:05 / All) Dethstalker: my team doesn tlike helpin teammates so fukit
(07:06 / All) 18Burrow: lol i went to use his shop and he told me "get out"
(07:07 / All) Dethstalker: u win
(07:12 / All) TakeLong2RESMRF: hahahah
(07:13 / Allies) BalthzarBlaze: we saved you
(07:25 / All) TakeLong2RESMRF: Figured it would have something tod o with you lol
(11:12 / All) TakeLong2RESMRF: good one
(11:18 / All) TakeLong2RESMRF: Got a bit too careless there
(11:35 / All) TakeLong2RESMRF: and there again when I lost the rest of my army to creeps
(13:23 / All) TakeLong2RESMRF: really yellow?
(13:30 / All) TakeLong2RESMRF: Whos' gonna think those are realy?
(13:32 / Allies) Dethstalker: i told u fukin retards
(13:40 / All) TakeLong2RESMRF: You hallucinated units of a different race
(13:43 / Allies) Dethstalker: u dont help i watch bitch
(13:53 / All) 18Burrow: lol youve gotta see the shit yellow is saying
(13:59 / All) TakeLong2RESMRF: upload it after
(14:01 / All) 18Burrow: i will
(14:04 / All) TakeLong2RESMRF: k
(14:09 / Allies) Dethstalker: cant idiot
(16:34 / All) TakeLong2RESMRF: orange
(16:38 / All) TakeLong2RESMRF: If you don't pass me some of your 3k gold
(16:44 / All) TakeLong2RESMRF: I'm going to report you to bobby kotick
(16:46 / All) TakeLong2RESMRF: ok thanks
(17:11 / All) TakeLong2RESMRF: fuck
(17:38 / All) TakeLong2RESMRF: well
(17:39 / All) TakeLong2RESMRF: That's it then
(17:46 / All) TakeLong2RESMRF: Orange apparently decided to stop playing entirely about five minutes ago
(17:48 / All) BalthzarBlaze: gg
(18:15 / All) TakeLong2RESMRF: nevermind
(18:19 / All) TakeLong2RESMRF: He's going to suicide two units a time
(18:22 / All) TakeLong2RESMRF: just to make things easier for you
(18:42 / All) TakeLong2RESMRF: Wouldn't want to stress ourselves by doing anything useful.
(18:53 / All) TakeLong2RESMRF: Orange
(18:56 / All) TakeLong2RESMRF: If wisps could attack
(19:02 / All) TakeLong2RESMRF: I would make mine attack your main
(19:19 / All) TakeLong2RESMRF: Gg
(19:27 / All) 18Burrow: lol did he leave or why didnt he WW away from me
(19:33 / All) TakeLong2RESMRF: yeah he left
(19:47 / All) TakeLong2RESMRF: He's rallying them to suicide apparently
(20:27 / All) TakeLong2RESMRF: ROFL
(20:34 / All) TakeLong2RESMRF: Orange just tried to attack blues units
(20:36 / All) TakeLong2RESMRF: that i'm using to kill him
(20:38 / All) 18Burrow: nice ghetto trick lol
(20:39 / All) TakeLong2RESMRF: And he attacked his own wyrm
(20:49 / All) TakeLong2RESMRF: now he's succesfuly attacking them
(20:51 / All) TakeLong2RESMRF: instead of
(20:52 / All) TakeLong2RESMRF: you know
(20:54 / All) TakeLong2RESMRF: Controlling them
(20:56 / All) TakeLong2RESMRF: Since it's blue's units
(21:06 / All) TakeLong2RESMRF: fuck you're terrible orange.
(21:24 / All) TakeLong2RESMRF: new?
(21:34 / All) TakeLong2RESMRF: holy shit
(21:37 / All) TakeLong2RESMRF: orange actually moved his units
(21:40 / All) TakeLong2RESMRF: the hell
(21:45 / All) 18Burrow: -0 units
(21:48 / All) TakeLong2RESMRF: Orange did your big brother take over or something?
(22:07 / All) TakeLong2RESMRF: Because It's not like you to use your units to attack enemy units.
(22:15 / All) TakeLong2RESMRF: anyway gg